 Dungeon Crawl Stone Soup version 0.24.0-29-g8ce449bc06 (webtiles) character file.

Game seed: 2497109332610088329, levelgen mode: deterministic

1869 Flugslaktarn the Cleaver (level 8, -5/73 HPs)
             Began as a Minotaur Fighter on Nov 15, 2019.
             Slain by an orc warrior
             ... wielding a cursed -2 war axe
              (19 damage)
             ... on level 6 of the Dungeon.
             The game lasted 00:02:09 (4995 turns).

Flugslaktarn the Cleaver (Minotaur Fighter)         Turns: 4995, Time: 00:02:09

Health: -5/73      AC:  8    Str: 23    XL:     8   Next: 90%
Magic:  7/7        EV:  8    Int:  5    God:
Gold:   307        SH: 11    Dex: 10    Spells: 7/7 levels left

rFire    . . .     SeeInvis .   a - +0 war axe
rCold    . . .     Gourm    .   c - +0 shield
rNeg     . . .     Faith    .   b - +0 scale mail
rPois    .         Spirit   .   k - +1 hat
rElec    .         Reflect  .   (no cloak)
rCorr    .         Harm     .   (no gloves)
MR       .....                  (no boots)
Stlth    ..........             (no amulet)
HPRegen  0.22/turn              (no ring)
MPRegen  0.10/turn              (no ring)

@: no status effects
A: retaliatory headbutt, horns 2
a: no special abilities


You were on level 6 of the Dungeon.
You were not hungry.

You visited 1 branch of the dungeon, and saw 6 of its levels.

You collected 307 gold pieces.

Inventory:

Hand Weapons
 a - a +0 war axe (weapon)
Armour
 b - a +0 scale mail (worn)
 c - a +0 shield (worn)
 k - a +1 hat (worn)
   (You found it on level 1 of the Dungeon)
Jewellery
 p - an uncursed amulet of harm {unknown}
   (You found it on level 2 of the Dungeon)
 u - an uncursed amulet of the gourmand {unknown}
   (You found it on level 4 of the Dungeon)
Wands
 s - a wand of acid (8)
   (You found it on level 4 of the Dungeon)
Scrolls
 f - 2 scrolls of teleportation {unknown}
 h - a scroll of immolation {unknown}
 i - 2 scrolls of blinking {unknown}
 j - a scroll of enchant armour {unknown}
 l - 2 scrolls of amnesia {unknown}
 n - 4 scrolls of remove curse {unknown}
 o - 2 scrolls of identify {unknown}
 w - a scroll of enchant weapon {unknown}
Potions
 d - 3 potions of might
 g - 3 potions of lignification {unknown}
 m - a potion of mutation {unknown}
 q - a potion of flight {unknown}
 r - a potion of cancellation {unknown}
 t - 3 potions of curing {unknown}
 v - 2 potions of heal wounds {unknown}
Comestibles
 e - 5 rations
 x - a chunk of flesh


   Skills:
 + Level 7.2 Fighting
 * Level 9.1 Axes
 + Level 7.1 Armour
 + Level 7.2 Shields


You had 7 spell levels left.
You didn't know any spells.
Your spell library was empty.

Dungeon Overview and Level Annotations

Branches:
Dungeon (6/15)
 Temple: D:4-7

Altars:
Ashenzari
Fedhas
Kikubaaqudgha
Qazlal
Vehumet

Annotations:
D:3 exclusion: 2 doors


Innate Abilities, Weirdness & Mutations

You reflexively headbutt those who attack you in melee.
You have a pair of horns on your head.


Message History

You are too injured to fight recklessly!
You are too injured to fight recklessly!
Unknown command.
The orc warrior barely misses you.
The orc throws a boomerang.
You block the boomerang.
The weapon returns to the orc!
Things that are here:
a +0 dagger; a +0 robe; an orc corpse You slash the orc warrior!
The orc warrior is almost dead.
The orc warrior hits you with a cursed -2 war axe!
* * * LOW HITPOINT WARNING * * *
You hit the orc warrior but do no damage.
Your headbutt misses the orc warrior.
The orc warrior is almost dead.
The orc warrior hits you with a cursed -2 war axe.
* * * LOW HITPOINT WARNING * * *
You hit the orc warrior but do no damage.
The orc warrior is almost dead.
The orc warrior hits you with a cursed -2 war axe!!
You die...

#.# ### #.#
### ##.# ###
#... '_' #..#
#o# #..# #.#
#..###h###..#
#...@oo)....#
#.#######...#
#.# ## #.#
#.# #.# #.#
#.# #.#
#######


You could see an orc warrior, a hound and an orc.

Vanquished Creatures
  Pikel (D:4)
  Menkaure (D:5)
  A phantom (D:4)
  3 ogres
  Blork the orc (D:4)
  3 bullfrogs
  2 scorpions
  A howler monkey (D:5)
  2 bullfrog zombies
  A jelly (D:5)
  A hound (D:5)
  An orc priest (D:5)
  An iguana (D:4)
  Terence (D:2)
  7 orc wizards
  2 worker ants (D:5)
  6 adders
  An ooze (D:2)
  A worm (D:3)
  3 dart slugs
  4 leopard geckos
  20 orcs
  2 bats
  2 giant cockroaches
  7 goblins
  7 hobgoblins
  5 jackals
  7 kobolds
  4 quokkas
  2 frilled lizards
  A jackal zombie (D:5)
  7 rats
108 creatures vanquished.

Vanquished Creatures (others)
  A slave (D:4)
  A human (D:5)
  Robin (D:4)
  An orc (D:4)
  3 goblins (D:4)
7 creatures vanquished.

Grand Total: 115 creatures vanquished

Notes
Turn   | Place    | Note
-------+----------+-------------------------------------------
     0 | D:1      | Flugslaktarn the Minotaur Fighter began the quest for the
                  | Orb.
     0 | D:1      | Reached XP level 1. HP: 19/19 MP: 0/0
   165 | D:1      | Reached XP level 2. HP: 24/27 MP: 1/1
   296 | D:1      | Reached skill level 3 in Axes
   770 | D:2      | Found an ancient bone altar of Kikubaaqudgha.
   812 | D:2      | Found a shattered altar of Ashenzari.
   826 | D:2      | Reached XP level 3. HP: 14/33 MP: 2/2
  1057 | D:2      | Noticed an ogre
  1065 | D:2      | Killed an ogre
  1065 | D:2      | Reached skill level 4 in Axes
  1065 | D:2      | Reached XP level 4. HP: 41/41 MP: 3/3
  1158 | D:2      | Noticed Terence
  1170 | D:2      | Killed Terence
  1170 | D:2      | Reached XP level 5. HP: 40/47 MP: 4/4
  1277 | D:2      | Found a stormy altar of Qazlal.
  1281 | D:2      | Found a blossoming altar of Fedhas.
  2123 | D:4      | Noticed a slave
  2123 | D:4      | Noticed a slave
  2124 | D:4      | Noticed Pikel
  2124 | D:4      | Noticed a slave
  2125 | D:4      | Noticed a slave
  2146 | D:4      | Killed Pikel
  2146 | D:4      | Reached skill level 5 in Fighting
  2146 | D:4      | Reached skill level 6 in Axes
  2146 | D:4      | Reached skill level 5 in Armour
  2146 | D:4      | Reached skill level 5 in Shields
  2146 | D:4      | Reached XP level 6. HP: 25/56 MP: 5/5
  2146 | D:4      | Reached XP level 7. HP: 27/61 MP: 6/6
  2373 | D:4      | Noticed Robin
  2459 | D:4      | Killed Robin
  2596 | D:4      | Noticed Blork the orc
  2603 | D:4      | Killed Blork the orc
  2603 | D:4      | Reached skill level 7 in Axes
  3726 | D:5      | Entered Level 5 of the Dungeon
  3879 | D:5      | Reached XP level 8. HP: 69/70 MP: 7/7
  4316 | D:5      | Reached skill level 8 in Axes
  4571 | D:5      | Found an ancient bone altar of Kikubaaqudgha.
  4571 | D:5      | Noticed Menkaure
  4576 | D:5      | Killed Menkaure
  4883 | D:6      | Reached skill level 9 in Axes
  4966 | D:6      | Found a radiant altar of Vehumet.
  4995 | D:6      | Slain by an orc warrior

Levels and vault maps discovered:
D:1:      minmay_arrival_up_and_down, layout_basic
D:2:      layout_loops_ring, grunt_temple_overflow_forces_of_nature,
          evilmike_ruin_ashenzari, old_standard_altar, uniq_terence
D:3:      minmay_goblin_kobold_castle, layout_basic, serial_curves,
          eino_curves_03, eino_curves_01
D:4:      layout_loops_ring, uniq_pikel, uniq_robin, uniq_blork_the_orc
D:5:      layout_loops_ring, first_ration, tgw_kikubaaqudgha, uniq_menkaure
D:6:      layout_gridville, lemuel_doored_altar, ebering_ghost_inner_flame,
          chequers_serial_rivers_small_3

Skill      XL: |  1  2  3  4  5  6  7  8 |
---------------+-------------------------+-----
Axes           | 3 4 6 7 9 |  9.1
Fighting       | 4 5 6 7 |  7.2
Armour         | 4 5 6 7 |  7.1
Shields        | 4 5 6 7 |  7.2

Action                   |  1- 3 |  4- 6 |  7- 9 || total
-------------------------+-------+-------+-------++-------
Melee: War axe           |    47 |    74 |   159 ||   280
       Headbutt          |     8 |    14 |    28 ||    50
  Eat: Chunk             |       |     4 |     6 ||    10
       Ration            |       |       |     1 ||     1
Armor: Scale mail        |    12 |    35 |    50 ||    97
Dodge: Dodged            |    23 |    11 |    47 ||    81
Block: Shield            |    24 |    31 |    69 ||   124
